 Dungeon Crawl Stone Soup version 0.20.1-1-g8b1a95d (webtiles) character file.

583 Nachka the Chucker (level 7, -16/65 HPs)
             Began as a Troll Hunter on Sept 10, 2017.
             Shot with an arrow by a centaur (17 damage)
             ... on level 5 of the Dungeon on Sept 11, 2017.
             The game lasted 01:43:38 (4342 turns).

Nachka the Chucker (Troll Hunter)                   Turns: 4342, Time: 01:43:39

Health: -16/65     AC:  5    Str: 21    XL:     7   Next: 14%
Magic:  6/6        EV: 10    Int:  7    God:
Gold:   192        SH:  0    Dex: 12    Spells: 6/6 levels left

rFire    . . .     SeeInvis .     - Unarmed
rCold    + . .     Gourm    +   (no shield)
rNeg     . . .     Faith    .   k - +0 robe {rC+}
rPois    .         Spirit   .   (helmet restricted)
rElec    .         Reflect  .   (no cloak)
rCorr    .         Harm     .   (gloves unavailable)
MR       .....                  (boots unavailable)
Stlth    ..........             (no amulet)
Regen    0.6/turn               e - ring of loudness (curse)
MPRegen  0.1/turn               E - ring of flight

@: no status effects
A: unfitting armour, claws 3, fast metabolism 3, gourmand, regeneration 1,
shaggy fur 1, tough skin 2
a: Evoke Flight


You were on level 5 of the Dungeon.
You were very full.

You visited 2 branches of the dungeon, and saw 6 of its levels.

You collected 192 gold pieces.

Inventory:

Hand Weapons
 a - a +0 short sword
 d - a +2 short sword of electrocution
 h - a +0 quarterstaff
 j - a +0 flail
 l - a +0 flail
 n - a +3 rapier
 p - a +0 rapier
 q - a +0 giant club
 v - a +0 hunting sling
 y - a +0 dagger
 A - a +2 dagger of speed
Missiles
 g - 211 stones (quivered)
 i - a tomahawk
 u - a throwing net
 G - 15 poisoned needles
Armour
 k - a +0 robe of cold resistance (worn)
Jewellery
 e - a cursed ring of loudness (left claw)
 o - an uncursed ring of protection from fire
 E - a ring of flight (right claw)
Wands
 r - a wand of confusion (16/48)
 J - a wand of iceblast (6/15)
Scrolls
 t - a scroll of immolation {unknown}
 x - 2 scrolls of identify
 C - a scroll of enchant armour
 F - a scroll of remove curse {unknown}
Potions
 b - a potion of lignification {unknown}
 c - a potion of heal wounds {unknown}
 m - 2 potions of flight {unknown}
 w - a potion of magic
 z - a potion of brilliance {unknown}
 D - a potion of curing
 I - a potion of invisibility {unknown}
Books
 s - a book of Maledictions

   Spells                             Type                      Level
   a - Corona                         Hexes                        1
   b - Ensorcelled Hibernation        Hexes/Ice                    2
   c - Confuse                        Hexes                        3
   d - Tukima's Dance                 Hexes                        3
   e - Dazzling Spray                 Conjuration/Hexes            3
Comestibles
 f - 3 bread rations
 B - 4 chunks of flesh


   Skills:
 + Level 2.0 Fighting
 + Level 0.1 Short Blades
 + Level 0.1 Staves
 + Level 5.8 Throwing
 + Level 2.4 Dodging
 + Level 0.8 Stealth
 * Level 4.5 Unarmed Combat


You had 6 spell levels left.
You didn't know any spells.

Dungeon Overview and Level Annotations

Branches:
Dungeon (5/15)             Temple (1/1) D:4

Altars:
Ashenzari
Cheibriados
Dithmenos
Elyvilon
Fedhas
Gozag
Hepliaklqana
Kikubaaqudgha
Makhleb
Nemelex Xobeh
Okawaru
Qazlal
Ru
Sif Muna
Trog
Uskayaw
Vehumet
Xom
Yredelemnul
Zin
The Shining One

Annotations:
D:5 Grinder


Innate Abilities, Weirdness & Mutations

You are too large for most types of armour.
You have claws for hands.
Your metabolism is lightning-fast.
You like to eat raw meat.
Your natural rate of healing is unusually fast.
You are covered in fur. (AC +1)
You have very tough skin. (AC +2)


Message History

Aim: a centaur, wielding a shortbow (severely wounded)
You throw a stone. The stone hits the centaur.
The centaur is almost dead.
The centaur shoots an arrow.
The arrow hits you!
Throwing (i - inventory. (,) - cycle):
g - 213 stones (quivered)
Press: ? - help, Shift-Dir - straight line, f/p - centaur
Aim: a centaur, wielding a shortbow (almost dead)
You throw a stone. The stone barely misses the centaur.
The centaur shoots an arrow.
The arrow hits you!
* * * LOW HITPOINT WARNING * * *
Throwing (i - inventory. (,) - cycle):
g - 212 stones (quivered)
Press: ? - help, Shift-Dir - straight line, f/p - centaur
Aim: a centaur, wielding a shortbow (almost dead)
You throw a stone.
The stone hits the centaur but does no damage.
The centaur is almost dead.
The centaur shoots an arrow.
The arrow hits you!
* * * LOW HITPOINT WARNING * * *
The centaur shoots an arrow.
The arrow hits you!
You die...

#+ #.#########
.....#.#.. #
...<..#.# #. ...#.#.#
#.###.##.##.#.#
#......#.#..#.#
#.........####
####...#....@(%#
#......#.#.###c#
###.##.#.#.# (#
#......#.# 5#
#......#.# .#
#......#.. .#
...####.##.#########
...........#.....####
.######.####.##.....#


You could see a centaur.

Vanquished Creatures
  Eustachio (D:4)
  An ogre (D:4)
  A bullfrog skeleton (D:5)
  An orc priest (D:3)
  Ijyb (D:3)
  3 worker ants (D:4)
  6 gnolls
  5 adders
  An ooze (D:5)
  2 worms
  A dart slug (D:4)
  7 leopard geckos
  6 orcs (D:3)
  2 ball pythons (D:4)
  2 bats (D:3)
  2 giant cockroaches (D:3)
  6 hobgoblins
  7 jackals
  2 quokkas
  5 frilled lizards
  11 goblins
  8 kobolds
  A leopard gecko zombie (D:5)
82 creatures vanquished.

Notes
Turn   | Place    | Note
-------+----------+-------------------------------------------
     0 | D:1      | Nachka the Troll Hunter began the quest for the Orb.
     0 | D:1      | Reached XP level 1. HP: 19/19 MP: 0/0
    13 | D:2      | Reached XP level 2. HP: 27/27 MP: 1/1
    99 | D:2      | Reached skill level 4 in Throwing
   690 | D:2      | Reached XP level 3. HP: 31/33 MP: 2/2
   850 | D:2      | Reached XP level 4. HP: 37/42 MP: 3/3
  1320 | D:2      | Reached skill level 5 in Throwing
  1682 | D:3      | Noticed Ijyb
  1696 | D:3      | Killed Ijyb
  1868 | D:3      | Reached XP level 5. HP: 49/49 MP: 4/4
  1896 | D:3      | Reached skill level 1 in Unarmed Combat
  3278 | D:4      | Noticed Eustachio
  3348 | D:4      | Killed Eustachio
  3348 | D:4      | Reached XP level 6. HP: 14/57 MP: 5/5
  3475 | D:4      | Found a staircase to the Ecumenical Temple.
  3528 | Temple   | Entered the Ecumenical Temple
  3900 | D:4      | Reached XP level 7. HP: 65/65 MP: 6/6
  4223 | D:5      | Entered Level 5 of the Dungeon
  4336 | D:5      | Noticed Grinder
  4341 | D:5      | HP: 1/65 [centaur/arrow (16)]
  4342 | D:5      | Shot with an arrow by a centaur

Skill      XL: |  1  2  3  4  5  6 |
---------------+-------------------+-----
Throwing       | 4 5 |  5.8
Fighting       | 2 |  2.0
Dodging        | 2 |  2.4
Unarmed Combat | 3 4 |  4.5
Short Blades   | |  0.1
Staves         | |  0.1
Stealth        | |  0.8

Action                   |  1- 3 |  4- 6 |  7- 9 || total
-------------------------+-------+-------+-------++-------
Melee: Short sword       |    20 |       |       ||    20
       Quarterstaff      |    16 |     5 |       ||    21
       Unarmed           |       |   120 |    17 ||   137
       Rapier            |       |     6 |       ||     6
Throw: Large rock        |    13 |    56 |    11 ||    80
       Stone             |     2 |    55 |     6 ||    63
       Throwing net      |     2 |     1 |       ||     3
  Use: Potion            |     1 |       |       ||     1
       Scroll            |       |     5 |     1 ||     6
  Eat: Chunk             |     8 |    19 |     5 ||    32
       Meat ration       |     1 |       |       ||     1
       Bread ration      |       |     2 |       ||     2
Armor: Robe              |     9 |    56 |     9 ||    74
Dodge: Dodged            |    23 |    94 |    13 ||   130
